 Dungeon Crawl Stone Soup version 0.22.1-1-ga44c0e5 (webtiles) character file.

486 MalarOregon the Slasher (level 6, -7/55 HPs)
             Began as a Minotaur Abyssal Knight on Sept 20, 2018.
             Was a Priest of Lugonu.
             Mangled by an ogre
             ... wielding a +0 giant club
              (10 damage)
             ... on level 4 of the Dungeon.
             The game lasted 00:07:07 (3127 turns).

MalarOregon the Slasher (Minotaur Abyssal Knight)   Turns: 3127, Time: 00:07:07

Health: -7/55      AC:  9    Str: 18    XL:     6   Next: 89%
Magic:  7/7        EV:  5    Int:  9    God:    Lugonu [***...]
Gold:   165        SH:  8    Dex: 10    Spells: 5/5 levels left

rFire    . . .     SeeInvis .   a - +0 long sword
rCold    . . .     Gourm    .   n - +0 shield
rNeg     . . .     Faith    .   c - +0 chain mail
rPois    .         Spirit   .   (helmet restricted)
rElec    .         Reflect  .   (no cloak)
rCorr    .         Harm     .   (no gloves)
MR       .....                  (no boots)
Stlth    ..........             (no amulet)
HPRegen  0.18/turn              (no ring)
MPRegen  0.10/turn              (no ring)

@: no status effects
A: retaliatory headbutt, horns 2
a: Depart the Abyss, Bend Space, Banish, Renounce Religion


You were on level 4 of the Dungeon.
You worshipped Lugonu.
Lugonu was most pleased with you.
You were not hungry.

You visited 1 branch of the dungeon, and saw 4 of its levels.
You visited the Abyss 1 time.

You collected 165 gold pieces.

Inventory:

Hand Weapons
 a - a +0 long sword (weapon)
   (You found it on level 3 of the Dungeon)
Missiles
 b - 2 throwing nets (quivered) {!f}
Armour
 c - a +0 chain mail (worn)
   (You found it on level 1 of the Dungeon)
 n - a +0 shield (worn)
   (You found it on level 3 of the Dungeon)
Wands
 t - a wand of flame (7)
   (You found it on level 3 of the Dungeon)
 x - a wand of acid (7)
   (You took it off Ijyb on level 3 of the Dungeon)
Scrolls
 d - a scroll of blinking {unknown}
 f - 2 scrolls of fear {unknown}
 g - 2 scrolls of enchant armour {unknown}
 j - a scroll of teleportation {unknown}
 k - a scroll of enchant weapon {unknown}
 m - a scroll of identify {unknown}
Potions
 h - a potion of brilliance {unknown}
 i - a potion of heal wounds {unknown}
Comestibles
 e - 4 rations {!d}
 l - 15 chunks of flesh


   Skills:
 + Level 4.9 Fighting
 * Level 5.3 Long Blades
 + Level 4.2 Armour
 + Level 3.0 Dodging
 + Level 2.0 Shields
 + Level 3.2 Invocations


You had 5 spell levels left.
You didn't know any spells.
Your spell library was empty.

Dungeon Overview and Level Annotations

Branches:
Dungeon (4/15)
 Temple: D:4-7

Altars:
Ashenzari
Hepliaklqana
The Shining One


Innate Abilities, Weirdness & Mutations

You reflexively headbutt those who attack you in melee.
You have a pair of horns on your head.


Message History

You closely miss the orc priest. Your headbutt misses the orc priest.
The orc priest hits you with a mace of protection.
Your shield and chain mail prevent you from hitting the orc priest.
The orc priest hits you but does no damage.
The orc priest invokes the aid of Beogh against you.
Pain shoots through your body!
* * * LOW HITPOINT WARNING * * *
Your chain mail prevents you from hitting the orc priest.
The orc priest looks encouraged for a moment.
You slash the orc priest! You block the orc priest's attack.
You hit the orc priest.
You kill the orc priest!
Lugonu accepts your kill.
Your Shields skill increases to level 2!
You block the orc's attack.
You barely miss the orc. The orc hits you but does no damage.
You slash the orc!
You kill the orc!
Lugonu accepts your kill.
You slash the orc priest! The orc priest hits you with a club.
* * * LOW HITPOINT WARNING * * *
Your shield and chain mail prevent you from hitting the orc priest.
The orc priest barely misses you. You furiously retaliate!
You headbutt the orc priest!
You kill the orc priest!
Lugonu accepts your kill.
Your Dodging skill increases to level 3!
Items here: ))) ††† You butcher the orc corpse.
l - 11 chunks of flesh (gained 4)
Items here: ))) ÷ ††
Things that are here:
a dagger; a robe; an orc corpse You butcher the orc corpse.
l - 15 chunks of flesh (gained 4)
Things that are here:
a dagger; a robe You start resting.
An ogre comes into view. It is wielding a giant club.
The ogre shouts!
You slash the ogre! The ogre hits you with a giant club!
* * * LOW HITPOINT WARNING * * *
You hit the ogre. The ogre hits you with a giant club!
* * * LOW HITPOINT WARNING * * *
Items here: ))) ÷ ††
Found a stone staircase leading down.
Things that are here:
a dagger; a kobold corpse The ogre hits you with a giant club!
You die...

..................
..........###.....
#..........# .....
#..........# ......
#..........#......)
#.................
##.......)##......
#.......O.........
#.......@.########
#.......###.....#
#...............
#..........#####
##......####≈≈≈###
##......≈≈≈≈≈≈≈≈######
##......≈≈≈≈≈≈≈≈≈..<#
######...≈≈≈........
#............. #


You could see an ogre.

Vanquished Creatures
  2 orc wizards (D:4)
  5 orc priests
  A hound (D:4)
  2 bullfrog skeletons
  Ijyb (D:3)
  A worker ant (D:4)
  5 adders (D:2)
  A gnoll (D:1)
  2 adder zombies (D:1)
  4 worms
  17 orcs
  2 giant cockroaches
  3 goblins (D:3)
  5 hobgoblins
  3 jackals (D:2)
  A ball python (D:1)
  4 bats
  5 frilled lizards
  8 kobolds
  5 rats
77 creatures vanquished.

Notes
Turn   | Place    | Note
-------+----------+-------------------------------------------
     0 | Abyss:1  | MalarOregon the Minotaur Abyssal Knight began the quest for
                  | the Orb.
     0 | Abyss:1  | Reached XP level 1. HP: 19/19 MP: 1/1
     1 | Abyss:1  | Found a corrupted altar of Lugonu.
    18 | D:1      | Escaped the Abyss
   195 | D:1      | Reached skill level 3 in Long Blades
   195 | D:1      | Reached XP level 2. HP: 25/27 MP: 2/2
   707 | D:1      | Reached XP level 3. HP: 19/33 MP: 3/3
   843 | D:2      | Reached XP level 4. HP: 35/40 MP: 4/4
   960 | D:2      | Reached ** piety under Lugonu
   979 | D:2      | Found a hazy altar of Hepliaklqana.
  1123 | D:2      | Reached skill level 4 in Long Blades
  1455 | D:3      | Reached XP level 5. HP: 44/47 MP: 5/5
  1493 | D:3      | Noticed Ijyb
  1503 | D:3      | Killed Ijyb
  1699 | D:3      | Found a shattered altar of Ashenzari.
  2417 | D:3      | Found a glowing golden altar of the Shining One.
  2730 | D:4      | Reached skill level 1 in Shields
  2746 | D:4      | Reached XP level 6. HP: 27/53 MP: 7/7
  2758 | D:4      | HP: 2/53 [orc wizard/dagger (2)]
  2761 | D:4      | Reached *** piety under Lugonu
  3026 | D:4      | Reached skill level 5 in Long Blades
  3113 | D:4      | HP: 1/55 [ogre/giant club (10)]
  3127 | D:4      | Mangled by an ogre

Skill      XL: |  1  2  3  4  5  6 |
---------------+-------------------+-----
Long Blades    | 3 4 5 |  5.3
Invocations    | 2 3 |  3.2
Fighting       | 4 |  4.9
Armour         | 3 4 |  4.2
Dodging        | 2 3 |  3.0
Shields        | 1 2 |  2.0

Action                   |  1- 3 |  4- 6 || total
-------------------------+-------+-------++-------
Melee: Falchion          |    37 |    62 ||    99
       Headbutt          |     9 |    34 ||    43
       Long sword        |       |   132 ||   132
Throw: Throwing net      |       |     2 ||     2
  Use: Potion            |       |     3 ||     3
 Stab: Invisible         |       |     1 ||     1
  Eat: Chunk             |       |     7 ||     7
Armor: Chain mail        |    28 |   114 ||   142
Dodge: Dodged            |    24 |    55 ||    79
Block: Shield            |       |    59 ||    59
       Rpst.: Falchion   |     7 |     7 ||    14
       Long sword        |       |     5 ||     5
